 Dungeon Crawl Stone Soup version 0.29.0-11-gd7f09526c8 (webtiles) character file.

Game seed: 14857539461283103422

56 DoubleLucky the Ruffian (level 3, 0/36 HPs)
             Began as a Troll Fighter on Sept 3, 2022.
             Slain by a gnoll
             ... wielding a +3 vorpal spear
              (7 damage)
             ... on level 2 of the Dungeon.
             The game lasted 00:03:12 (1171 turns).

DoubleLucky the Ruffian (Troll Fighter)             Turns: 1171, Time: 00:03:12

Health: 0/36       AC:  5    Str: 21    XL:     3   Next: 69%
Magic:  2/2        EV: 10    Int:  6    God:
Gold:   56         SH:  0    Dex:  9    Spells: 2/2 levels left

rFire   . . .      SeeInvis .     - Unarmed
rCold   + . .      Faith    .   (no shield)
rNeg    . . .      Spirit   .   i - +1 robe "Inleur" {rElec rC+ Str-3}
rPois   .          Reflect  .   (helmet restricted)
rElec   +          Harm     .   (no cloak)
rCorr   .          Rampage  .   (gloves unavailable)
Will    .....                   (boots unavailable)
Stlth   +.........              (no amulet)
HPRegen 0.92/turn               (no ring)
MPRegen 0.08/turn               (no ring)

@: no status effects
A: large, unfitting armour, claws 3, regeneration 1, shaggy fur 1, tough skin 1
a: no special abilities


You were on level 2 of the Dungeon.
You visited 1 branch of the dungeon, and saw 2 of its levels.

You collected 56 gold pieces.

Inventory:

Hand Weapons
 g - a +1 dagger of speed
Armour
 a - a +0 robe
 b - a +0 kite shield
 i - the +1 robe "Inleur" (worn) {rElec rC+ Str-3}
   (You found it on level 2 of the Dungeon)

   Str:       It affects your strength (-3).
   rC:        It protects you from cold.
   rElec:     It insulates you from electricity.
Jewellery
 d - a ring of ice
Scrolls
 h - a scroll of noise {unknown}
 j - a scroll of fear {unknown}
 k - a scroll of amnesia {unknown}
Potions
 c - a potion of might
 e - a potion of heal wounds {unknown}
 f - a potion of magic {unknown}


   Skills:
 - Level 2.4 Fighting
 - Level 2.4 Dodging
 - Level 2.6 Shields
 + Level 4.1 Unarmed Combat


You had 2 spell levels left.
You didn't know any spells.
Your spell library contained the following spells:

 Spells                   Type           Power      Damage    Failure   Level
 Static Discharge         Conj/Air       0%         3-3/arc   58%         2
 Call Canine Familiar     Summ           0%         N/A       83%         3
 Dazzling Flash           Conj/Hex       0%         N/A       83%         3
 Portal Projectile        Hex/Tloc       0%         N/A       83%         3
 Stone Arrow              Conj/Erth      0%         3d7       83%         3
 Animate Armour           Summ/Erth      0%         N/A       99%         4
 Iskenderun's Mystic Bla  Conj/Tloc      0%         2d3       99%         4
 Leda's Liquefaction      Hex/Erth       0%         N/A       99%         4
 Lightning Bolt           Conj/Air       0%         1d11      100%        5
 Starburst                Conj/Fire      0%         6d3       100%        6
 Lehudib's Crystal Spear  Conj/Erth      0%         10d2      100%        8
 Maxwell's Capacitive Co  Air            0%         ∞         100%        8


Dungeon Overview and Level Annotations

Branches:
Dungeon (2/15)

Altars:


Innate Abilities, Weirdness & Mutations

You are too large for most types of armour.
You have claws for hands.
Your natural rate of healing is unusually fast.
You are covered in fur. (AC +1)
You have tough skin. (AC +1)


Message History

The hobgoblin shouts!
You hear a shout! x2
A hobgoblin is nearby!
A hobgoblin is nearby!
A bat and 2 gnolls come into view.
A gnoll is wielding a +3 vorpal spear.
Found an escape hatch in the ceiling.
Found a stone staircase leading down.
The gnoll shouts!
The bat hits you but does no damage.
A gnoll comes into view. It is wielding a +0 flail.
The bat closely misses you. The bat hits you but does no damage.
The gnoll hits you with a +3 vorpal spear!
You scratch the gnoll.
The gnoll is moderately wounded.
The bat closely misses you.
The gnoll hits you with a +3 vorpal spear.
The gnoll hits you but does no damage.
You claw the gnoll!
You kill the gnoll!
The bat completely misses you. The bat barely misses you.
The hobgoblin closely misses you.
Your Unarmed Combat skill increases to level 4!
You claw the gnoll!
The gnoll is severely wounded.
The bat barely misses you. The hobgoblin hits you.
The gnoll hits you with a +3 vorpal spear!
You are too injured to fight recklessly!
You are too injured to fight recklessly!
You are too injured to fight recklessly!
You are too injured to fight recklessly!
You barely miss the hobgoblin. The bat hits you but does no damage.
The gnoll hits you with a +3 vorpal spear.
The hobgoblin closely misses you. The gnoll hits you with a +0 whip.
* * * LOW HITPOINT WARNING * * *
You claw the hobgoblin!
You kill the hobgoblin!
The bat hits you.
* * * LOW HITPOINT WARNING * * *
The gnoll hits you with a +0 whip.
* * * LOW HITPOINT WARNING * * *
The gnoll hits you with a +3 vorpal spear!
You die...

####### #.....# #.....#
.....# ....
##########..#
....<...##..# ..
..>...bg#...# ...
......g@#.#.### ##...
###..###†.#...#####...##
# #.#..............
.....###....†.....
#.#.........###..#
#.#.####...##
....####.#.######.
...................
..######..#.†....#.


You could see 2 gnolls and a bat.

Vanquished Creatures
  An adder (D:2)
  A gnoll (D:2)
  A dart slug (D:2)
  5 ball pythons (D:1)
  An endoplasm (D:1)
  A giant cockroach (D:1)
  10 hobgoblins
  2 jackals (D:1)
  A kobold (D:1)
  2 bats (D:1)
  A frilled lizard (D:1)
  3 goblins
  5 rats
34 creatures vanquished.

Notes
Turn   | Place    | Note
-------+----------+-------------------------------------------
     0 | D:1      | DoubleLucky the Troll Fighter began the quest for the Orb.
     0 | D:1      | Reached XP level 1. HP: 22/22 MP: 0/0
   111 | D:1      | Found a faded altar of an unknown god.
   200 | D:1      | Reached XP level 2. HP: 29/29 MP: 1/1
   250 | D:1      | Reached skill level 3 in Unarmed Combat
  1024 | D:2      | Identified the +1 robe "Inleur" {rElec rC+ Str-3}
  1077 | D:2      | Reached XP level 3. HP: 36/36 MP: 2/2
  1169 | D:2      | Reached skill level 4 in Unarmed Combat
  1171 | D:2      | Slain by a gnoll

Illustrated notes

Levels and vault maps discovered:
D:1:      heliophobic_arrival_enchanted_forest, layout_loops_corners,
          shapermc_ecumenical_altar_ellora
D:2:      layout_rooms

Skill      XL: |  1  2  3 |
---------------+----------+-----
Unarmed Combat | 3 4 |  4.1
Fighting       | |  2.4
Dodging        | |  2.4
Shields        | |  2.6

Action                   || total
-------------------------++-------
Melee: Unarmed           ||    67
       Punch             ||     1
 Stab: Sleeping          ||     1
Armor: Robe              ||    20
       Skin              ||     1
Dodge: Dodged            ||    39
